 Dungeon Crawl Stone Soup version 0.28.0-45-g0d030f2227 (webtiles) character file.

Game seed: 4909514162166592521

54 NinjaNoafa the Sneak (level 3, 0/26 HPs)
             Began as a Gnoll Wanderer on Apr 5, 2022.
             Slain by a water moccasin (5 damage)
             ... on level 3 of the Dungeon.
             The game lasted 00:06:29 (1828 turns).

NinjaNoafa the Sneak (Gnoll Wanderer)               Turns: 1828, Time: 00:06:30

Health: 0/26       AC:  4    Str: 11    XL:     3   Next: 91%
Magic:  4/4        EV: 11    Int:  7    God:
Gold:   55         SH:  0    Dex: 17    Spells: 4/4 levels left

rFire   . . .      SeeInvis .   n - +0 short sword
rCold   . . .      Faith    .   (no shield)
rNeg    . . .      Spirit   .   e - +0 leather armour
rPois   .          Reflect  .   (no helmet)
rElec   .          Harm     .   (no cloak)
rCorr   .          Rampage  .   (no gloves)
Will    .....                   d - +0 pair of boots
Stlth   ++++......              (no amulet)
HPRegen 0.08/turn               (no ring)
MPRegen 0.09/turn               (no ring)

@: mighty, lethally poisoned (0 -> -23)
A: fangs 1, strong nose, distributed training
a: no special abilities


You were on level 3 of the Dungeon.
You visited 1 branch of the dungeon, and saw 3 of its levels.

You collected 55 gold pieces.

Inventory:

Hand Weapons
 a - a +0 hand crossbow
 m - a +0 war axe
 n - a +0 short sword (weapon)
Missiles
 c - 31 bolts
 k - 48 stones
 s - 2 poisoned darts
Armour
 d - a +0 pair of boots (worn)
 e - a +0 leather armour (worn)
 o - a +0 robe
 p - a +0 scale mail
Scrolls
 g - a scroll of enchant weapon {unknown}
 l - a scroll of identify {unknown}
 q - a scroll of brand weapon {unknown}
Potions
 f - a potion of might
 h - a potion of attraction {unknown}
 i - a potion of brilliance {unknown}
 j - a potion of invisibility {unknown}
 r - a potion of curing {unknown}
 t - a potion of ambrosia {unknown}
Miscellaneous
 b - a phantom mirror (quivered)


   Skills:
 + Level 1.0 Fighting
 + Level 1.0 Short Blades
 + Level 1.0 Long Blades
 + Level 1.0 Axes
 + Level 1.0 Maces & Flails
 + Level 1.0 Polearms
 + Level 1.0 Staves
 + Level 1.0 Slings
 + Level 1.0 Bows
 + Level 2.6 Crossbows
 + Level 2.6 Throwing
 + Level 2.6 Armour
 + Level 1.0 Dodging
 + Level 7.8 Stealth
 + Level 1.0 Shields
 + Level 1.0 Unarmed Combat
 + Level 1.0 Spellcasting
 + Level 0.7 Conjurations
 + Level 0.7 Hexes
 + Level 0.7 Summonings
 + Level 0.7 Necromancy
 + Level 0.7 Translocations
 + Level 0.7 Transmutations
 + Level 0.7 Fire Magic
 + Level 0.7 Ice Magic
 + Level 0.7 Air Magic
 + Level 0.7 Earth Magic
 + Level 0.7 Poison Magic
 + Level 1.0 Invocations
 + Level 6.5 Evocations


You had 4 spell levels left.
You didn't know any spells.
Your spell library was empty.

Dungeon Overview and Level Annotations

Branches:
Dungeon (3/15)

Altars:
The Shining One


Innate Abilities, Weirdness & Mutations

You have very sharp teeth.
Your uncanny sense of smell can sniff out nearby items.
Your experience applies equally to all skills.


Message History

You hear the slow rusting of a drain nearby.
Found a stone staircase leading down.
You now have 55 gold pieces (gained 7).
A water moccasin comes into view.
Fire: 33 bolts
Press: ? - help, Q - select action, (/) - cycle Shift-Dir - straight line, f - water moccasin
Aim: a water moccasin (asleep, 98% to hit)
You shoot a bolt. The bolt hits the water moccasin!
The water moccasin hisses angrily.
The water moccasin is moderately wounded.
Fire: 32 bolts
Press: ? - help, Q - select action, (/) - cycle Shift-Dir - straight line, f/p - water moccasin
Aim: a water moccasin (moderately wounded, 48% to hit)
You shoot a bolt. The bolt hits the water moccasin.
The water moccasin is heavily wounded.
The water moccasin closely misses you.
n - a +0 short sword (weapon)
The water moccasin closely misses you.
You miss the water moccasin.
The water moccasin is heavily wounded.
The water moccasin bites you but does no damage.
You closely miss the water moccasin.
The water moccasin is heavily wounded.
The water moccasin barely misses you. The water moccasin bites you.
You are poisoned.
The water moccasin poisons you!
You hit the water moccasin.
You bite the water moccasin, but do no damage.
The water moccasin is severely wounded.
You feel very sick. The water moccasin bites you.
You are lethally poisoned!
The water moccasin poisons you!
It was a potion of might.
You feel very mighty all of a sudden.
* * * LOW HITPOINT WARNING * * *
You feel very sick.
The water moccasin bites you but does no damage.
The water moccasin bites you.
You die...

##..## #.#####.#
.##..## #.# #.#
..##..# #.# #.#
...##..###.# #.#
.... #...#.# #.#
_... ###...# #.#
....##...#.# #.#
...##..###.# #.#
..##..## #.# #@#
.##..#####.#(.(S.#
##...>.......#####
#..#######.# #.##
.. ..# .## .# ..


You could see a water moccasin.

Vanquished Creatures
  2 dart slugs
  8 ball pythons
  4 endoplasms
  2 giant cockroaches (D:1)
  3 goblins
  4 hobgoblins
  6 jackals
  3 kobolds
  A quokka (D:1)
  3 bats
  4 frilled lizards
  5 rats
45 creatures vanquished.

Vanquished Creatures (collateral kills)
  A hobgoblin (D:1)
1 creature vanquished.

Grand Total: 46 creatures vanquished

Notes
Turn   | Place    | Note
-------+----------+-------------------------------------------
     0 | D:1      | NinjaNoafa the Gnoll Wanderer began the quest for the Orb.
     0 | D:1      | NinjaNoafa set off with the following items: a +0 hand
                  | crossbow, a phantom mirror, 23 bolts, a +0 pair of boots, a
                  | +0 leather armour
     0 | D:1      | Reached XP level 1. HP: 13/13 MP: 1/1
   288 | D:1      | Reached XP level 2. HP: 19/19 MP: 2/2
   619 | D:1      | Reached XP level 3. HP: 25/25 MP: 3/3
  1016 | D:2      | Reached skill level 1 in Invocations
  1353 | D:2      | Reached skill level 1 in Fighting
  1353 | D:2      | Reached skill level 1 in Short Blades
  1353 | D:2      | Reached skill level 1 in Long Blades
  1353 | D:2      | Reached skill level 1 in Axes
  1353 | D:2      | Reached skill level 1 in Maces & Flails
  1353 | D:2      | Reached skill level 1 in Polearms
  1353 | D:2      | Reached skill level 1 in Staves
  1353 | D:2      | Reached skill level 1 in Slings
  1353 | D:2      | Reached skill level 1 in Bows
  1353 | D:2      | Reached skill level 1 in Dodging
  1353 | D:2      | Reached skill level 1 in Shields
  1353 | D:2      | Reached skill level 1 in Unarmed Combat
  1353 | D:2      | Reached skill level 1 in Spellcasting
  1766 | D:3      | Found a glowing golden altar of the Shining One.
  1821 | D:3      | Noticed a water moccasin
  1828 | D:3      | Slain by a water moccasin

Illustrated notes

Levels and vault maps discovered:
D:1:      psy_arrival_fountain, layout_rooms, minmay_worlds_worst_comb
D:2:      layout_loops_ring, nicolae_concentric_dashed_squares_mild,
          kennysheep_decorative_pillar, minmay_misc_feat_chi
D:3:      layout_basic, amcnicky_altar_gilded, tso_metal_star,
          ebering_ecumenical_altar_sacrificial, gup_sewer_entry_bubbles

Skill      XL: |  1  2  3 |
---------------+----------+-----
Invocations    | 1 |  1.0
Fighting       | 1 |  1.0
Short Blades   | 1 |  1.0
Long Blades    | 1 |  1.0
Axes           | 1 |  1.0
Maces & Flails | 1 |  1.0
Polearms       | 1 |  1.0
Staves         | 1 |  1.0
Slings         | 1 |  1.0
Bows           | 1 |  1.0
Dodging        | 1 |  1.0
Shields        | 1 |  1.0
Unarmed Combat | 1 |  1.0
Spellcasting   | 1 |  1.0
Crossbows      | |  2.6
Throwing       | |  2.6
Armour         | |  2.6
Stealth        | |  7.8
Conjurations   | |  0.7
Hexes          | |  0.7
Summonings     | |  0.7
Necromancy     | |  0.7
Translocations | |  0.7
Transmutations | |  0.7
Fire Magic     | |  0.7
Ice Magic      | |  0.7
Air Magic      | |  0.7
Earth Magic    | |  0.7
Poison Magic   | |  0.7
Evocations     | |  6.5

Action                   || total
-------------------------++-------
Melee: Short sword       ||    11
       War axe           ||     4
       Bite              ||     1
 Fire: Hand crossbow     ||    85
Evoke: Phantom mirror    ||     1
  Use: Potion            ||     1
Armor: Leather armour    ||    34
Dodge: Dodged            ||    55
